Map: Vaani Research Station (Void)

Players

Musumeci

  • Race: Zerg Zerg
  • League: Diamond
  • Spawn Location: 12:00

Joseee - Winner!

  • Race: Zerg Zerg
  • League: Diamond
  • Spawn Location: 6:00

VOD

Have the link to the VOD?

Description

Time

  • Played on: Dec. 30, 2016, 3:10 p.m.
  • Length: 13:15
Show
View Real Time Build Order
Export as new Build Order

Musumeci Zerg 

Build Orders: Hatch First 

Get SALT Encoding   

  12  0:16  Drone  
  12  0:17  Drone  
  14  0:21  Overlord  
  14  0:31  Extractor  
  14  0:33  Drone  
  15  0:40  Drone  
  16  0:49  Drone  
  17  0:58  Hatchery  
  17  1:00  Drone  
  17  1:05  Extractor  
  17  1:10  Drone  
  17  1:25  Spawning Pool  
  16  1:33  Drone  
  16  1:34  Evolution Chamber  
  16  1:36  Drone  
  17  1:42  Drone  
  18  1:53  Drone  
  19  2:06  Drone  
  20  2:09  Overlord  
  20  2:12  Metabolic Boost  
  20  2:16  Queen  
  22  2:26  Queen  
  24  2:30  Zergling x2  
  24  2:34  Zergling x2  
  24  2:36  Drone  
  27  2:45  Baneling Nest  
  27  2:47  Drone  
  27  2:49  Drone  
  28  2:53  Zergling x2  
  29  2:59  Zergling x4  
  31  3:14  Zergling x2  
  31  3:15  Zergling x6  
  35  3:31  Zergling x2  
  36  3:40  Baneling x2  
  36  3:55  Zergling x2  
  32  4:13  Zergling x8  
  34  4:20  Zergling x8  
  36  4:34  Zergling x2  
  36  4:40  Baneling x2  
  36  4:49  Lair  
  36  4:51  Extractor  
  34  4:53  Extractor  
  34  4:54  Extractor  
  32  5:02  Baneling x4  
  31  5:22  Drone x3  
  31  5:25  Drone  
  31  5:28  Overlord x2  
  35  5:46  Drone x8  
  35  5:47  Drone x5  
  48  5:52  Spire  
  47  6:10  Drone x2  
  47  6:11  Drone x2  
  51  6:12  Overlord x3  
  44  7:03  Mutalisk x4  
  44  7:04  Mutalisk x5  
  61  7:16  Zergling x16  
  61  7:20  Mutalisk  
  71  7:30  Hatchery  
  59  7:57  Drone x3  
  59  7:58  Drone x3  
  63  8:01  Zergling x10  
  66  8:11  Drone x3  
  63  8:37  Drone x5  
  66  8:45  Mutalisk x2  
  66  8:48  Queen x2  
  69  9:26  Drone x6  
  69  9:27  Drone x3  
  74  9:43  Hydralisk Den  
  74  9:44  Evolution Chamber  
  72  9:47  Drone x4  
  76  9:53  Extractor  
  62  10:20  Mutalisk x10  
  80  10:27  Drone  
  80  10:28  Drone  
  79  10:44  Evolution Chamber x2  
  79  10:45  Evolution Chamber  
  79  10:47  Evolution Chamber  
  70  11:08  Overseer  
  64  11:23  Spire  
  59  11:35  Drone  
  55  12:05  Hatchery  
  54  12:09  Hatchery  
  54  12:15  Extractor  
  52  12:17  Overlord  
  52  12:23  Overlord x5  
  52  12:38  Spawning Pool, Mutalisk  
Show
View Real Time Build Order
Export as new Build Order

Joseee Zerg - Winner!

Build Orders: Hatch First 

Get SALT Encoding   

  12  0:01  Drone  
  13  0:13  Overlord  
  13  0:21  Drone  
  14  0:31  Drone x2  
  14  0:35  Drone  
  17  0:55  Hatchery  
  16  1:00  Drone  
  17  1:11  Spawning Pool  
  17  1:15  Drone  
  17  1:20  Drone  
  17  1:22  Drone  
  17  1:25  Extractor  
  18  1:30  Drone  
  19  1:39  Overlord  
  19  1:58  Zergling x2  
  19  2:00  Queen  
  22  2:06  Queen  
  22  2:08  Drone  
  25  2:15  Drone  
  26  2:32  Metabolic Boost  
  26  2:39  Hatchery  
  26  2:41  Drone x2  
  27  2:47  Queen  
  29  2:58  Drone x4  
  34  3:12  Drone  
  34  3:13  Drone x2  
  34  3:15  Overlord  
  34  3:16  Overlord  
  36  3:37  Zergling x2  
  36  3:38  Zergling x10  
  41  3:44  Drone x3  
  41  3:48  Extractor  
  41  4:05  Roach Warren  
  41  4:06  Evolution Chamber  
  41  4:09  Zergling x2  
  35  4:10  Zergling x6  
  36  4:19  Zergling x8  
  36  4:20  Zergling x2  
  39  4:27  Lair  
  39  4:31  Drone x2  
  37  4:34  Queen  
  40  4:39  Spine Crawler  
  39  4:48  Drone x4  
  39  4:49  Drone x2  
  41  5:07  Drone x3  
  41  5:11  Zerg Missile Weapons Level 1  
  44  5:14  Extractor  
  44  5:28  Drone  
  44  5:29  Drone x3  
  44  5:32  Glial Reconstitution  
  47  5:35  Hatchery  
  47  5:39  Drone  
  47  5:40  Drone  
  47  5:42  Overlord  
  48  5:44  Overseer  
  48  5:48  Overlord  
  48  6:08  Queen  
  50  6:24  Roach  
  50  6:25  Roach x7  
  66  6:27  Overlord x3  
  65  6:36  Roach  
  67  6:42  Roach  
  67  6:48  Roach  
  67  6:49  Roach x3  
  67  6:51  Queen  
  75  6:59  Roach  
  77  7:01  Roach x2  
  77  7:06  Roach  
  77  7:07  Roach x4  
  91  7:16  Zergling x4  
  91  7:17  Zergling x2  
  91  7:20  Overlord, Spore Crawler  
  91  7:21  Overlord  
  89  7:44  Roach x7  
  89  7:45  Roach x3  
  89  7:50  Spore Crawler  
  98  7:51  Spore Crawler  
  98  7:52  Spore Crawler  
  98  7:55  Spore Crawler  
  87  7:59  Drone  
  86  8:07  Burrow  
  76  8:17  Extractor  
  76  8:18  Drone x11, Spore Crawler  
  83  8:20  Spore Crawler  
  83  8:25  Queen  
  84  8:27  Spore Crawler  
  84  8:34  Drone x3  
  86  8:41  Spore Crawler x2  
  86  8:43  Overlord x2  
  84  8:54  Drone x4, Spore Crawler  
  84  8:55  Drone  
  88  8:56  Hydralisk Den  
  87  9:25  Hydralisk  
  87  9:26  Hydralisk x8  
  105  9:38  Hydralisk  
  107  9:50  Hydralisk x2  
  108  10:33  Hydralisk x2  
  108  10:35  Overlord x3  
  112  10:36  Overlord x2  
  112  10:37  Roach x13  
  112  10:49  Roach x12  
  110  10:53  Hydralisk  
  110  10:54  Hydralisk x5  
  118  11:10  Roach x8  
  112  11:15  Hydralisk  
  112  11:16  Hydralisk x2  
  118  11:26  Drone x6  
  118  11:27  Extractor  
  103  11:55  Extractor  
  103  11:59  Hydralisk  
  103  12:00  Hydralisk x4  
  103  12:01  Hydralisk x2  
  114  12:11  Roach x5  
  124  12:31  Zergling x2  
  124  12:32  Zergling x22  
  136  12:52  Hatchery  
  136  12:54  Hatchery  
  134  13:01  Hatchery  
Tags
 
Add a new tag
Caveats
  • Supply blocks, unpowered buildings, or Contaminate may cause inaccurate times.
  • Supply counts are checked every 10 seconds.